 Dungeon Crawl Stone Soup version 0.16-b1 (webtiles) character file.

153 dysrexia the Bolt Thrower (level 5, -3/30 HPs)
             Began as a Kobold Hunter on Mar 7, 2015.
             Slain by an orc
             ... wielding a +0 flail
              (5 damage)
             ... on level 3 of the Dungeon.
             The game lasted 00:12:05 (2462 turns).

dysrexia the Bolt Thrower (Kobold Hunter)           Turns: 2462, Time: 00:12:05

Health: -3/30      AC:  6    Str: 11    XL:     5   Next: 61%
Magic:  5/5        EV: 11    Int:  9    God:
Gold:   69         SH:  4    Dex: 17    Spells: 0 memorised, 4 levels left

rFire  . . .     SeeInvis .     b - +1 hand crossbow
rCold  . . .     Clarity  .     h - +0 scale mail
rNeg   . . .     SustAb   .     e - +0 buckler
rPois  .         Gourm    .     (no helmet)
rElec  .         Spirit   .     (no cloak)
rCorr  .         Warding  .     (no gloves)
rMut   .         Stasis   .     (no boots)
MR     .....                    (no amulet)
Stlth  +.........               (no ring)
                                (no ring)

@: not resistant to hostile enchantments, very unstealthy
A: carnivore 3
a: no special abilities


You were on level 3 of the Dungeon.
You were very full.

You visited 1 branch of the dungeon, and saw 3 of its levels.

You collected 69 gold pieces.

Inventory:

Hand weapons
 a - a +0 short sword
 b - a +1 hand crossbow (weapon)
 g - a +0 dagger
Missiles
 c - 3 bolts (quivered)
 k - 10 poisoned needles
 n - 19 stones
Armour
 d - a +0 leather armour
 e - a +0 buckler (worn)
 h - a +0 scale mail (worn)
Jewellery
 l - an uncursed ring of protection from fire {unknown}
Magical devices
 s - a wand of slowing (37)
Scrolls
 m - 2 scrolls of remove curse
 o - a scroll of identify {unknown}
Potions
 i - 2 potions of curing
 j - a potion of resistance {unknown}
 p - a potion of restore abilities {unknown}
 q - a potion of ambrosia {unknown}
 w - a potion of degeneration {unknown}
Comestibles
 f - a meat ration
 t - a royal jelly


   Skills:
 - Level 2.1 Fighting
 + Level 7.8 Crossbows
 - Level 2.4 Dodging
 - Level 1.3 Stealth


You had 4 spell levels left.
You didn't know any spells.

Dungeon Overview and Level Annotations

Branches:
Dungeon (3/15)

Altars:
Cheibriados
Fedhas

Annotations:
D:3 dysrexia's ghost, average HOGl


Innate Abilities, Weirdness & Mutations

You are small and have problems with some larger weapons.
You are carnivorous and can eat meat at any time.


Message History

The orc hits you but does no damage. The orc barely misses you.
Firing (i - inventory. (,) - cycle):
c - 6 bolts (quivered)
Press: ? - help, Shift-Dir - straight line, f/p - orc
Aim: an orc, wielding a dagger and wearing a scale mail (almost dead)
You shoot a bolt.
The bolt hits the orc but does no damage.
The orc is almost dead.
Firing (i - inventory. (,) - cycle):
c - 5 bolts (quivered)
Press: ? - help, Shift-Dir - straight line, f/p - orc
Aim: an orc, wielding a dagger and wearing a scale mail (almost dead)
You shoot a bolt. The bolt barely misses the orc.
The bolt hits the orc!
You kill the orc!
The orc hits you but does no damage.
Firing (i - inventory. (,) - cycle):
c - 4 bolts (quivered)
Press: ? - help, Shift-Dir - straight line, f - orc
Aim: an orc, wielding a flail You shoot a bolt.
The bolt barely misses the orc.
The orc hits you with a flail.
You die...

..# #.....# #.###
#†###.# #...## #####.#
#.#
###..#####.....###....
##....##.#........#
####.......#####..#
##...##.#### #..
#...###....# #. #...#
####@# #...# #o##
##### #((#####.#.
######(((.((... #
#........?.(##. .
.....#####..#### # #
..# ..$# ##.#


You could see an orc.

Vanquished Creatures
  An orc priest (D:3)
  3 adders
  A gnoll (D:3)
  2 worms (D:2)
  3 giant geckos
  3 oozes
  2 orcs (D:3)
  3 bats
  9 goblins
  8 hobgoblins
  4 jackals (D:3)
  2 ball pythons (D:1)
  3 giant cockroaches
  4 giant newts
  9 kobolds
  3 quokkas (D:2)
  10 rats
70 creatures vanquished.

Notes
Turn   | Place    | Note
--------------------------------------------------------------
     0 | D:1      | dysrexia, the Kobold Hunter, began the quest for the Orb.
     0 | D:1      | Reached XP level 1. HP: 12/12 MP: 1/1
    14 | D:1      | Reached skill level 5 in Crossbows
    69 | D:1      | Reached XP level 2. HP: 15/17 MP: 2/2
   605 | D:1      | Reached XP level 3. HP: 21/21 MP: 3/3
   811 | D:2      | Reached skill level 6 in Crossbows
  1069 | D:2      | Found a snail-covered altar of Cheibriados.
  1207 | D:2      | Reached XP level 4. HP: 19/26 MP: 4/4
  1393 | D:2      | Found a blossoming altar of Fedhas.
  1578 | D:2      | Reached skill level 7 in Crossbows
  1750 | D:3      | Noticed dysrexia's ghost (average HOGl)
  1890 | D:3      | Reached XP level 5. HP: 16/30 MP: 5/5
  2450 | D:3      | HP: 1/30 [orc priest/divine providence (12)]
  2462 | D:3      | Slain by an orc

Action                   |  1- 3 |  4- 6 || total
-------------------------+-------+-------++-------
Melee: Dagger            |    85 |    25 ||   110
 Fire: Hand crossbow     |    52 |    85 ||   137
  Use: Scroll            |       |     6 ||     6
       Potion            |       |     1 ||     1
  Eat: Chunk             |     9 |     3 ||    12
